cohdb
Replays
Latest Replays
All Replays
Popular Replays
Top Player Replays
Match Explorer
How It Works
Community
CoH3 Stats
Reddit
Sign in to upload your games and track your stats! →
Sign in with Steam
Match 42213634
Unlisted
Match 42213634
Overview
Messages
Build Orders
End
250 Light Carrier
Selects Italian Combined Arms Battlegroup
Selects Bersaglieri Squad
Bersaglieri Squad
Panzergrenadier Squad
Bersaglieri Squad
Construct Light Support Kompanie
2.5-tonne Medical Truck
Selects Bersaglieri Bolster
Fire Support Elements
Assault Mechanized Group
Selects Breda Model 30 Light Machine Guns
Panzergrenadier Squad
Assault Grenadier Squad
Selects Semovente da 75/18 Assault Gun
Semovente da 75/18 Assault Gun
Semovente da 75/18 Assault Gun
Panzerpioneer Squad
樱岛麻衣
Armbbking
DoyleNote
homig
kerem
[Ⓥ] Haisen
0
0
Comments
sign in to comment!
No comments posted yet!